cohdb
Replays
Latest Replays
All Replays
Popular Replays
Top Player Replays
Match Explorer
How It Works
Community
CoH3 Stats
Reddit
Sign in to upload your games and track your stats! →
Sign in with Steam
Match 47399374
Unlisted
Match 47399374
Overview
Messages
Build Orders
End
Construct Weapon Support Center
Engineer Squad
M1919 Machine Gun Team
Bazooka Squad
Construct Barracks
Mechanized Support Center
Riflemen Squad
Riflemen Squad
Construct Motor Pool
M8 Greyhound Armored Car
Selects Armored Battlegroup
Selects Veteran Crews
M24 Chaffee Light Tank
Grenade Package
Riflemen Squad
Riflemen Squad
Riflemen Squad
M1918 Browning Automatic Rifles
Forward Retreat Point
Selects M31 Recovery Vehicle
Selects War Machine
M3 Armored Personnel Carrier
Construct Tank Depot
Selects Strength in Steel
Selects Seek and Destroy
Selects UNKNOWN (2160077)
M4A3E8 Sherman Easy Eight
1⁄4-ton 4x4 Truck
Designate Forward Repair Station
.30 cal Machine Gun
Salvage Crew
Improvised Armor
Monument2Sin
Omar Kamel Rock
The Incredible Fella
Tokojima
shusta_
Vlad M
shalnoy
AndriiDev
0
0
Comments
sign in to comment!
No comments posted yet!